 Dungeon Crawl Stone Soup version 0.19.5 (console) character file.

92247 Grinner the Unseen (level 15, -4/77 HPs)
             Began as a Spriggan Fighter on Mar 2, 2017.
             Was the Champion of Jiyva.
             Killed from afar by an ogre mage (23 damage)
             ... with a bolt of lightning
             ... while paralysed by an ogre mage
             ... on level 15 of the Dungeon.
             The game lasted 02:02:14 (28890 turns).

Grinner the Unseen (Spriggan Fighter)              Turns: 28890, Time: 02:02:15

Health: -4/77      AC:  6    Str: 10    XL:     15   Next: 20%
Magic:  31/31      EV:  4    Int: 19    God:    Jiyva [******]
Gold:   1063       SH:  0    Dex: 29    Spells: 5 memorised, 22 levels left

rFire  + + .     SeeInvis +     a - +8 rapier (elec)
rCold  + . .     Gourm    .     w - +1 robe {rC+ rF+}
rNeg   + . .     Faith    .     c - +3 buckler
rPois  .         Spirit   .     Y - +1 hat
rElec  .         Reflect  +     u - +0 cloak
rCorr  +         Harm     .     (gloves unavailable)
MR     ++...                    (boots unavailable)
Stlth  +++++++++.               j - +5 amulet of reflection
                                o - ring "Puhi Mui" {*Corrode +Fly rN+ Str+7 Int+3}
                                I - +1 ring of slaying

@: paralysed, studying Long Blades, very quick
A: unfitting armour, antennae 1, thin skeletal structure 1, see invisible,
clever 1, fire resistance 1, herbivore 3, speed 3, sense surroundings 1, slow
metabolism 2, gelatinous body 1, jelly absorbing missiles
a: Request Jelly, Slimify, Cure Bad Mutation, Renounce Religion, Evoke Flight
}: 1/15 runes: slimy


You were on level 15 of the Dungeon.
You worshipped Jiyva.
Jiyva was exalted by your worship.
You were completely stuffed.

You visited 5 branches of the dungeon, and saw 29 of its levels.
You visited the Abyss 1 time.

You collected 1516 gold pieces.
You spent 453 gold pieces at shops.

Inventory:

Hand Weapons
 a - a +8 rapier of electrocution (weapon)
 b - the +8 dagger "Gaozuina" {pierce, MR+ Dex+2}
   (You found it on level 4 of the Dungeon)

   It inflicts extra damage upon your enemies.
   It affects your dexterity (+2).
   It affects your resistance to hostile enchantments.
 m - the +0 short sword of Gozag's Fury {venom, rPois Int+2 Dex+3}
   (You found it on level 5 of the Pits of Slime)

   It poisons the flesh of those it strikes.
   It affects your intelligence (+2).
   It affects your dexterity (+3).
   It protects you from poison.
 Z - a +0 rapier of holy wrath
Armour
 c - a +3 buckler (worn)
 u - a +0 cloak (worn)
 w - a +1 robe of resistance (worn)
 Y - a +1 hat (worn)
Rods
 n - a +8 rod of inaccuracy (3/11)
   (You found it on level 8 of the Dungeon)
Jewellery
 g - an uncursed ring of protection from magic
 j - a +5 amulet of reflection (around neck)
 o - the ring "Puhi Mui" (right hand) {*Corrode +Fly rN+ Str+7 Int+3}
   (You found it on level 5 of the Pits of Slime)

   [ring of flight]

   It affects your strength (+7).
   It affects your intelligence (+3).
   It protects you from negative energy.
   It lets you fly.
   It may corrode you when you take damage.
 y - an uncursed ring of stealth
 I - a +1 ring of slaying (left hand)
 K - an uncursed ring of protection from fire
 N - an uncursed ring of protection from cold
 U - a +2 ring of protection
Wands
 l - a wand of polymorph (9/24)
 q - a wand of acid (3/15)
 F - a wand of paralysis (10/24)
 J - a wand of polymorph (19/24)
 P - a wand of lightning (6/15)
 T - a wand of teleportation (6/9)
Scrolls
 d - 3 scrolls of immolation
 e - a scroll of remove curse
 i - 5 scrolls of teleportation
 r - a scroll of recharging
 s - 4 scrolls of amnesia
 v - a scroll of summoning
 z - 4 scrolls of fog
 C - a scroll of identify
 L - a scroll of fear
 S - a scroll of holy word
 W - a scroll of magic mapping
Potions
 k - 2 potions of might
 p - a potion of cure mutation
 x - 6 potions of curing
 D - a potion of haste
 H - a potion of invisibility
 M - 2 potions of lignification {unknown}
 Q - a potion of heal wounds
 V - 2 potions of agility
Books
 h - a manual of Long Blades
 t - Sif Muna's Collected Works on the Escort and Stolen Souls
   (You found it on level 14 of the Dungeon)

   Spells                             Type                      Level
   a - Summon Butterflies             Summoning                    1
   b - Summon Small Mammal            Summoning                    1
   c - Call Imp                       Summoning                    2
   d - Summon Ice Beast               Ice/Summoning                4
   e - Aura of Abjuration             Summoning                    5
   f - Death Channel                  Necromancy                   6
Miscellaneous
 B - a sack of spiders
 G - a phantom mirror
 X - a fan of gales
Comestibles
 f - 7 bread rations
 A - 25 fruits


   Skills:
 * Level 7.7 Fighting
 - Level 10.9(12.2) Short Blades
 - Level 7.3(9.1) Long Blades
 - Level 11.0 Dodging
 - Level 19.2 Stealth
 - Level 8.4 Shields
 - Level 11.4 Spellcasting
 - Level 7.6 Charms
 - Level 8.7 Necromancy
 + Level 4.4 Evocations


You had 22 spell levels left.
You knew the following spells:

 Your Spells              Type           Power        Failure   Level  Hunger
a - Ozocubu's Armour      Chrm/Ice       ####....     4%          3    None
b - Summon Butterflies    Summ           ##......     10%         1    None
c - Control Undead        Necr           #####.....   1%          4    ##.....
d - Regeneration          Chrm/Necr      #####.....   1%          3    None
f - Vampiric Draining     Necr           #####.....   1%          3    None


Dungeon Overview and Level Annotations

Branches:
Dungeon (15/15)            Temple (0/1) D:5            Lair (6/6) D:11
 Shoals (0/4) Lair:4       Spider (0/4) Lair:3        Slime (5/5) Lair:5
    Orc (2/2) D:12            Elf (1/3) Orc:2        Vaults (0/5) D:13
 Depths: D:15

Altars:
Kikubaaqudgha
Okawaru
Ru
Vehumet
Yredelemnul
Zin
Beogh
Jiyva

Shops:
D:4 *   D:6 =   D:15 =   Orc:2 !%%%:

Annotations:
Slime:5 Royal Jelly


Innate Abilities, Weirdness & Mutations

You are very small and have problems with some larger weapons.
You are too small for most types of armour.
You have supernaturally acute eyesight. (SInv)
You are a herbivore.
You cover ground extremely quickly.
You need consume almost no food.
You have a pair of small antennae on your head.
You have a somewhat thin skeletal structure. (Dex +2, Stealth)
Your mind is acute. (Int +2)
Your flesh is heat resistant. (rF+)
You passively map a small area around you.
Your rubbery body absorbs attacks. (AC +1, EV +1)
You have a small jelly attached to you that may absorb incoming projectiles.


Message History

You puncture the cyan ugly thing!
You kill the cyan ugly thing!
An ogre comes into view. It is wielding a giant club.
The ogre moves out of view.
The ogre mage gestures at you while chanting.
You resist with almost no effort.
You see here an ugly thing corpse.
You closely miss the ogre mage.
The ogre mage is almost dead.
The ogre mage points at you and mumbles some strange words.
You suddenly lose the ability to move!
The ogre mage closely misses you. The ogre mage hits you with a spear.
* * * LOW HITPOINT WARNING * * *
The ogre mage hits you with a spear.
* * * LOW HITPOINT WARNING * * *
The ogre mage hits you with a spear.
* * * LOW HITPOINT WARNING * * *
The ogre mage points at you and mumbles some strange words.
Helpless, you fail to dodge the bolt of lightning.
You die...

#...##
#...........##.###*
##.##
######......##..., *
##.# #......##.# ##
...# ###.......##.## #
#### ####....#...#...
...# #..#OO.....##
##.# #...uuO...... #.#
##########..#..OO...##
##.##
#...†@OuOOO.###.u.###
#...## #.########.##
#.u# .....## #, #.#
#.# ......## * #.# .#
..J....# * #.. ,#
...J...# * ##.
.......# *.# ......##
# .# .....#######.#


You could see a cyan ugly thing, an ogre mage, a two-headed ogre and 2 ogres.

Vanquished Creatures
  Frances (D:13)
  A frost giant (D:8)
  A stone giant (Orc:2)
  Snorg (D:13)
  2 yaktaur captains (D:8)
  An ogre mage (D:13)
  A catoblepas (Lair:6)
  A hydra (Lair:5)
  4 centaur warriors
  A death yak (Lair:6)
  A dancing weapon (Elf:1)
  4 orc high priests (Orc:2)
  Nergalle (Orc:1)
  A deep elf knight (Elf:1)
  A fire crab (D:8)
  A deep elf archer (Elf:1)
  An unseen horror (Abyss:2)
  A hill giant (D:8)
  Pikel (D:8)
  4 deep elf magi (Elf:1)
  3 cyclopes
  3 orc knights
  A wolf spider (D:13)
  19 ugly things
  3 orc sorcerers
  A siren (Lair:4)
  A worldbinder (Abyss:2)
  3 manticores
  Joseph (D:7)
  3 black mambas
  The ghost of Grinner the Slicer, a novice SpFi (D:7)
  A gargoyle (D:11)
  A smoke demon (Abyss:2)
  8 spiny frogs
  2 kobold demonologists (D:14)
  2 rime drakes
  8 komodo dragons
  5 centaur skeletons
  An efreet (D:14)
  An ancient zyme (Abyss:2)
  5 trolls
  2 polar bears (Lair:6)
  3 meliai (D:14)
  A jumping spider (Lair:3)
  3 hornets
  6 hippogriffs
  A two-headed ogre (shapeshifter) (D:15)
  6 slime creatures
  5 two-headed ogres
  6 dream sheep (Lair:6)
  4 blink frogs (Lair:3)
  A shadow (D:11)
  9 spriggans
  A wraith (D:7)
  44 yaks
  Sigmund (D:3)
  A hill giant zombie (D:12)
  A steam dragon (D:12)
  4 basilisks
  2 wyverns
  Grum (D:9)
  2 fire elementals (Elf:1)
  Eustachio (D:5)
  4 hungry ghosts
  9 vampire mosquitoes
  Menkaure (D:5)
  3 wargs
  A mottled dragon (D:13)
  10 water moccasins
  8 porcupines
  2 hell hounds (D:11)
  A sky beast (shapeshifter) (D:14)
  4 black bears
  29 orc warriors
  3 slaves
  A boggart (Lair:6)
  An eye of draining (D:12)
  An ice beast (D:8)
  2 sky beasts
  A necrophage (D:9)
  11 ogres
  5 phantoms
  6 centaurs
  18 wolves
  7 big kobolds
  11 crocodiles
  11 bullfrogs
  4 scorpions
  2 small abominations (Abyss:2)
  3 troll zombies (D:12)
  10 wights
  5 crimson imps
  7 howler monkeys
  2 centaur zombies
  13 hounds
  3 jellies
  26 orc priests
  2 gnoll shamans
  19 orc wizards
  3 iguanas
  8 worker ants
  4 ogre zombies (D:12)
  A hound zombie (D:5)
  17 gnolls
  9 adders
  4 shadow imps
  A white imp (D:6)
  An adder skeleton (D:8)
  An adder zombie (D:8)
  A worm (D:6)
  A dart slug (D:4)
  3 leopard geckos
  71 orcs
  3 giant cockroaches
  5 goblins
  7 hobgoblins
  18 jackals
  5 quokkas
  A ball python (D:2)
  8 bats
  4 frilled lizards
  A goblin skeleton (D:12)
  4 goblin zombies (D:12)
  A hobgoblin zombie (D:12)
  A jackal skeleton (D:4)
  30 kobolds
  A leopard gecko skeleton (D:4)
  A leopard gecko zombie (D:5)
  2 orc skeletons (D:12)
  17 orc zombies (D:12)
  A quokka zombie (D:6)
  4 rats
693 creatures vanquished.

Vanquished Creatures (collateral kills)
  The ghost of jjjjhere the Cleaver, a journeyman HOMo of Zin (Lair:1)
  A dancing weapon (Elf:1)
  A spiny frog (Lair:6)
  A komodo dragon (Lair:3)
  A hornet (Lair:6)
  A two-headed ogre (D:13)
  2 spriggans (Lair:6)
  4 orc warriors
  A black bear (Lair:6)
  A wolf (Lair:6)
  A crocodile (Lair:1)
15 creatures vanquished.

Vanquished Creatures (others)
  The ghost of HolyRage the Brawler, a veteran TrMo of Qazlal (Slime:5)
  An acid blob (Lair:6)
  A centaur warrior (D:15)
  A death yak (Lair:6)
  A glowing orange brain (Slime:5)
  A deep elf mage (Elf:1)
  An orc knight (Orc:2)
  2 spiny frogs
  A rime drake (Lair:5)
  A komodo dragon (Lair:6)
  A polar bear (Lair:6)
  A jumping spider (Lair:3)
  4 slime creatures
  7 dream sheep (Lair:6)
  A hippogriff (Lair:6)
  A redback (Lair:3)
  2 spriggans (Lair:6)
  A wyvern (D:15)
  4 yaks (Lair:6)
  A warg (D:15)
  3 water moccasins
  A porcupine (Lair:2)
  5 orc warriors
  An ogre (Orc:2)
  2 boggarts (Lair:6)
  4 wolves (Lair:6)
  2 centaurs (D:12)
  A bullfrog (Lair:2)
  76 jellies
  5 orc priests
  4 orc wizards
  An ooze (Orc:2)
  19 orcs
  A bush (Lair:6)
  3 butterflies (Lair:6)
  18 fungi
  12 plants
192 creatures vanquished.

Grand Total: 900 creatures vanquished

Notes
Turn   | Place    | Note
-------+----------+-------------------------------------------
     0 | D:1      | Grinner the Spriggan Fighter began the quest for the Orb.
     0 | D:1      | Reached XP level 1. HP: 11/11 MP: 2/2
   382 | D:1      | Reached XP level 2. HP: 15/16 MP: 3/3
  1108 | D:1      | Reached XP level 3. HP: 17/19 MP: 4/4
  2927 | D:2      | Reached XP level 4. HP: 20/23 MP: 5/5
  3296 | D:3      | Noticed Sigmund
  3305 | D:3      | Killed Sigmund
  3305 | D:3      | Reached XP level 5. HP: 24/27 MP: 3/6
  3445 | D:3      | Found an iron altar of Okawaru.
  3446 | D:3      | Found a sacrificial altar of Ru.
  3446 | D:3      | Found a glowing silver altar of Zin.
  3447 | D:3      | Found an ancient bone altar of Kikubaaqudgha.
  3640 | D:3      | Reached skill level 5 in Short Blades
  3646 | D:3      | Reached XP level 6. HP: 17/32 MP: 2/7
  4216 | D:4      | Found Soazimi's General Store.
  4225 | D:4      | Bought a potion of curing for 36 gold pieces
  4374 | D:4      | Got an iridescent dagger
  4375 | D:4      | Identified the +8 dagger "Gaozuina" {pierce, MR+ Dex+2} (You found it on level 4 of the Dungeon)
  4453 | D:4      | Got a heavily runed copper amulet
  4472 | D:4      | Identified the amulet of Iwigimug {RegenMP Dex+7} (You found it on level 4 of the Dungeon)
  4626 | D:5      | Entered Level 5 of the Dungeon
  4889 | D:5      | Noticed Eustachio
  4911 | D:5      | Killed Eustachio
  4911 | D:5      | Reached XP level 7. HP: 35/35 MP: 8/8
  4983 | D:5      | Reached skill level 5 in Shields
  5126 | D:5      | Found a staircase to the Ecumenical Temple.
  5176 | D:5      | Noticed Menkaure
  5190 | D:5      | Killed Menkaure
  5190 | D:5      | Reached XP level 8. HP: 15/39 MP: 4/9
  5722 | D:6      | Learned a level 3 spell: Regeneration
  5726 | D:6      | Learned a level 3 spell: Vampiric Draining
  5783 | D:6      | Reached skill level 1 in Charms
  5885 | D:6      | Found Opruorog's Jewellery Emporium.
  5898 | D:6      | Bought an uncursed ring of stealth for 192 gold pieces
  6086 | D:6      | Reached skill level 1 in Spellcasting
  6335 | D:6      | Reached skill level 1 in Stealth
  6576 | D:7      | Reached skill level 1 in Necromancy
  6586 | D:7      | Reached skill level 2 in Stealth
  6610 | D:7      | Noticed Grinner's ghost (novice SpFi)
  6619 | D:7      | Killed Grinner's ghost
  6619 | D:7      | Reached skill level 4 in Stealth
  7181 | D:7      | Reached XP level 9. HP: 42/43 MP: 15/15
  7259 | D:7      | Noticed Joseph
  7290 | D:7      | Killed Joseph
  7290 | D:7      | Reached skill level 5 in Stealth
  7413 | D:8      | Noticed Pikel
  7433 | D:7      | Reached skill level 6 in Stealth
  7809 | D:8      | Reached skill level 5 in Spellcasting
  7912 | D:8      | Reached skill level 7 in Stealth
  7945 | D:8      | Killed Pikel
  7945 | D:8      | Reached skill level 5 in Charms
  8049 | D:8      | Reached skill level 8 in Stealth
  8197 | D:8      | Noticed a hill giant
  8203 | D:8      | Killed a hill giant
  8203 | D:8      | Reached XP level 10. HP: 36/47 MP: 18/20
  8628 | D:8      | Found a runed door.
  8628 | D:8      | Noticed a frost giant
  8628 | D:8      | Noticed a yaktaur captain
  8628 | D:8      | Noticed a cyclops
  8630 | D:8      | Noticed a yaktaur captain
  8630 | D:8      | Noticed a manticore
  8630 | D:8      | Noticed a fire crab
  8630 | D:8      | Noticed a centaur warrior
  8632 | D:8      | Gained mutation: You are clumsy. (Dex -2) [potion of mutation]
  8632 | D:8      | Gained mutation: Your movements are slightly less encumbered by armour. (ER -2) [potion of mutation]
  8632 | D:8      | Gained mutation: You are dopey. (Int -2) [potion of mutation]
  8680 | D:8      | Gained mutation: You have a pair of small antennae on your head. [potion of beneficial mutation]
  8697 | D:8      | Killed a frost giant
  8697 | D:8      | Reached skill level 9 in Stealth
  8700 | D:8      | Killed a manticore
  8700 | D:8      | Reached skill level 10 in Stealth
  8705 | D:8      | Killed a cyclops
  8715 | D:8      | Killed a yaktaur captain
  8723 | D:8      | Killed a fire crab
  8728 | D:8      | Killed a centaur warrior
  8728 | D:8      | Reached skill level 11 in Stealth
  8728 | D:8      | Reached XP level 11. HP: 37/51 MP: 1/24
  8737 | D:8      | Killed a yaktaur captain
  8862 | D:8      | Identified a +8 rod of inaccuracy (11/11) (You found it on level 8 of the Dungeon)
  8862 | D:8      | Cast into level 2 of the Abyss (a distortion unwield)
  8887 | Abyss:2  | Noticed a wretched star
  9009 | Abyss:2  | Noticed a mana viper
  9015 | Abyss:2  | Noticed a tentacled starspawn
  9036 | Abyss:2  | Noticed a lorocyproca
  9047 | Abyss:2  | Noticed a spatial maelstrom
  9068 | Abyss:2  | Reached skill level 1 in Long Blades
  9091 | Abyss:2  | Noticed an Executioner
  9151 | Abyss:2  | Noticed an unseen horror
  9156 | Abyss:2  | Noticed a tentacled starspawn
  9156 | Abyss:2  | Killed an unseen horror
  9156 | Abyss:2  | Reached skill level 12 in Stealth
  9181 | Abyss:2  | Noticed a bone dragon
  9209 | Abyss:2  | Noticed a starcursed mass
  9209 | Abyss:2  | Noticed a thrashing horror
  9210 | Abyss:2  | Noticed a starcursed mass
  9259 | Abyss:3  | Noticed a wretched star
  9259 | Abyss:3  | Noticed a merfolk javelineer
  9303 | Abyss:3  | Noticed an Executioner
  9343 | Abyss:3  | Noticed a lich
  9412 | Abyss:5  | Entered Level 5 of the Abyss
  9412 | Abyss:5  | Found a corrupted altar of Lugonu.
  9426 | D:8      | Escaped the Abyss
  9574 | D:8      | Found a radiant altar of Vehumet.
  9623 | D:9      | Found an iron altar of Okawaru.
  9623 | D:9      | Noticed Grum
  9637 | D:9      | Killed Grum
  9777 | D:9      | Found a roughly hewn altar of Beogh.
  9887 | D:9      | Reached skill level 5 in Necromancy
 10491 | D:10     | Entered Level 10 of the Dungeon
 11389 | D:10     | Reached skill level 13 in Stealth
 11711 | D:11     | Found a staircase to the Lair.
 11911 | D:11     | Noticed a cyan ugly thing
 11913 | D:11     | Killed a cyan ugly thing
 12101 | D:11     | Reached XP level 12. HP: 56/56 MP: 26/26
 12542 | D:11     | Noticed a death knight
 12789 | D:11     | Reached skill level 10 in Spellcasting
 12926 | D:12     | Reached skill level 14 in Stealth
 12943 | D:12     | Found a staircase to the Orcish Mines.
 13473 | D:12     | Found Zynoul's Gadget Shop.
 13550 | D:12     | Reached skill level 5 in Long Blades
 13904 | D:13     | Noticed Frances
 13917 | D:13     | Killed Frances
 14419 | D:13     | Reached skill level 15 in Stealth
 14571 | D:13     | Noticed an ogre mage
 14781 | Orc:1    | Entered Level 1 of the Orcish Mines
 15151 | Lair:1   | Entered Level 1 of the Lair of Beasts
 15732 | Lair:1   | Noticed jjjjhere's ghost (journeyman HOMo)
 16677 | Lair:4   | Reached XP level 13. HP: 49/59 MP: 29/29
 16729 | Lair:5   | Gained mutation: You are somewhat resistant to further mutation. [potion of mutation]
 16800 | Lair:5   | Noticed an acid blob
 16802 | Lair:5   | Found a viscous altar of Jiyva.
 16803 | Lair:5   | Found a staircase to the Slime Pits.
 16804 | Lair:5   | Became a worshipper of Jiyva Jexuogud the Shapeless
 16938 | Lair:4   | Found a basalt altar of Yredelemnul.
 17168 | Lair:4   | Reached skill level 16 in Stealth
 17186 | Lair:4   | Reached * piety under Jiyva
 17197 | Lair:4   | Found a staircase to the Shoals.
 17729 | Lair:4   | Reached ** piety under Jiyva
 18203 | Lair:2   | Reached *** piety under Jiyva
 18203 | Lair:2   | Gained mutation: You have a pair of antennae on your head. [Jiyva's grace]
 19039 | Lair:3   | Reached **** piety under Jiyva
 19040 | Lair:3   | Reached skill level 5 in Dodging
 19043 | Lair:3   | Gained mutation: Your flesh is heat resistant. (rF+) [Jiyva's grace]
 19294 | Lair:3   | Reached ***** piety under Jiyva
 19322 | Lair:3   | Gained mutation: You are partially covered in iridescent scales. (AC +2) [Jiyva's grace]
 19450 | Lair:3   | Reached skill level 17 in Stealth
 19451 | Lair:3   | Found a hole to the Spider Nest.
 19805 | Lair:5   | Gained mutation: Your rubbery body absorbs attacks. (AC +1, EV +1) [Jiyva's grace]
 19867 | Lair:5   | Noticed an azure jelly
 19867 | Lair:5   | a six-headed hydra changed into an azure jelly
 20079 | Lair:5   | Gained mutation: You have large cloven feet. [Jiyva's grace]
 20154 | Lair:5   | Noticed an acid blob
 20154 | Lair:5   | a six-headed hydra changed into an acid blob
 20352 | Lair:6   | Entered Level 6 of the Lair of Beasts
 20355 | Lair:6   | Reached skill level 10 in Short Blades
 20628 | Lair:6   | Killed an acid blob
 20886 | Lair:6   | Got a brightly glowing cloak
 20887 | Lair:6   | Identified the +0 cloak of the Shining Light {rCorr Dex-3 SInv} (You found it on level 6 of the Lair of Beasts)
 20888 | Lair:6   | Lost mutation: You are clumsy. (Dex -2) [Jiyva's grace]
 21065 | Lair:6   | Noticed an azure jelly
 21065 | Lair:6   | a death yak changed into an azure jelly
 21072 | Lair:6   | Noticed an azure jelly
 21072 | Lair:6   | a death yak changed into an azure jelly
 21091 | Lair:6   | Lost mutation: You have large cloven feet. [Jiyva's grace]
 21111 | Lair:6   | Reached skill level 18 in Stealth
 21155 | Lair:6   | Noticed an acid blob
 21155 | Lair:6   | a death yak changed into an acid blob
 21200 | Lair:6   | Gained mutation: You are covered in slimy tendrils that may disarm your opponents. [Jiyva's grace]
 21643 | Orc:2    | Entered Level 2 of the Orcish Mines
 21643 | Orc:2    | Found Xoanaup's Book Boutique.
 21643 | Orc:2    | Noticed a stone giant
 21646 | Orc:2    | Killed a stone giant
 21728 | Orc:2    | Found a staircase to the Elven Halls.
 21753 | Orc:2    | Lost mutation: Your rubbery body absorbs attacks. (AC +1, EV +1) [Jiyva's grace]
 21767 | Orc:2    | Noticed Rupert
 21773 | Orc:2    | Slimified Rupert
 21773 | Orc:2    | Noticed Rupert
 21773 | Orc:2    | Rupert changed into Rupert the azure jelly
 21888 | Orc:2    | Gained mutation: You have a small jelly attached to you that senses nearby items. [Jiyva's grace]
 21932 | Orc:2    | Reached XP level 14. HP: 63/63 MP: 30/30
 22049 | Orc:2    | Reached ****** piety under Jiyva
 22077 | Orc:2    | Lost mutation: You have a small jelly attached to you that senses nearby items. [Jiyva's grace]
 22474 | Lair:1   | Lost mutation: You are partially covered in iridescent scales. (AC +2) [Jiyva's grace]
 22570 | Slime:1  | Entered Level 1 of the Pits of Slime
 22570 | Slime:1  | Noticed an acid blob
 22613 | Slime:5  | Entered Level 5 of the Pits of Slime
 22616 | Slime:5  | Noticed an acid blob
 22620 | Slime:5  | Noticed an azure jelly
 22620 | Slime:5  | Noticed an acid blob
 22624 | Slime:5  | Found a viscous altar of Jiyva.
 22625 | Slime:5  | Noticed the Royal Jelly
 22625 | Slime:5  | Noticed an acid blob
 22629 | Slime:5  | Noticed an acid blob
 22631 | Slime:5  | Gained mutation: You have large cloven feet. [Jiyva's grace]
 22634 | Slime:5  | Gained mutation: Your flesh is cold resistant. (rC+) [Jiyva's grace]
 22639 | Slime:5  | Lost mutation: You are dopey. (Int -2) [Jiyva's grace]
 22642 | Slime:5  | Noticed an acid blob
 22652 | Slime:5  | Noticed an acid blob
 22655 | Slime:5  | Lost mutation: Your flesh is cold resistant. (rC+) [Jiyva's grace]
 22656 | Slime:5  | Got a slimy rune of Zot
 22661 | Slime:5  | Noticed HolyRage's ghost (veteran TrMo)
 22677 | Slime:5  | Killed HolyRage's ghost
 22686 | Slime:5  | Got a bone short sword
 22699 | Slime:5  | Got a smoking silver ring
 22734 | Slime:5  | Identified the ring "Puhi Mui" {*Corrode +Fly rN+ Str+7 Int+3} (You found it on level 5 of the Pits of Slime)
 22739 | Slime:5  | Identified the cursed +0 short sword of Gozag's Fury {venom, rPois Int+2 Dex+3} (You found it on level 5 of the Pits of Slime)
 22919 | Slime:1  | Noticed an azure jelly
 24279 | Lair:1   | Killed jjjjhere's ghost
 24286 | Lair:1   | Lost mutation: You have large cloven feet. [Jiyva's grace]
 24774 | Orc:2    | Lost mutation: You are somewhat resistant to further mutation. [Jiyva's grace]
 24948 | Orc:2    | Gained mutation: You have a small jelly attached to you that may absorb incoming projectiles. [Jiyva's grace]
 25038 | Orc:2    | Lost mutation: Your movements are slightly less encumbered by armour. (ER -2) [Jiyva's grace]
 25131 | Orc:2    | Gained mutation: Your mind is acute. (Int +2) [Jiyva's grace]
 25328 | Orc:2    | Reached skill level 19 in Stealth
 25358 | Orc:2    | Noticed an azure jelly
 25358 | Orc:2    | an orc knight changed into an azure jelly
 25365 | Orc:2    | Gained mutation: Your rubbery body absorbs attacks. (AC +1, EV +1) [Jiyva's grace]
 25450 | Orc:2    | Noticed an orc warlord
 25516 | Orc:2    | Gained mutation: You passively map a small area around you. [Jiyva's grace]
 25536 | Orc:2    | Slimified an orc warlord
 25536 | Orc:2    | Noticed an azure jelly
 25536 | Orc:2    | an orc warlord changed into an azure jelly
 25573 | Orc:2    | Lost mutation: You have a pair of antennae on your head. [Jiyva's grace]
 25653 | Orc:2    | Found Vintatuf's Food Shoppe.
 25654 | Orc:2    | Found Noet's Food Emporium.
 25654 | Orc:2    | Found Caoddola's Food Shoppe.
 25655 | Orc:2    | Found Cexe's Distillery.
 25848 | Orc:2    | Bought a potion of heal wounds for 75 gold pieces
 25848 | Orc:2    | Bought a potion of curing for 45 gold pieces
 25848 | Orc:2    | Bought a potion of curing for 45 gold pieces
 25848 | Orc:2    | Bought a potion of might for 60 gold pieces
 25985 | Elf:1    | Entered Level 1 of the Elven Halls
 26629 | Orc:1    | Noticed Nergalle
 26633 | Orc:1    | Killed Nergalle
 26696 | Orc:2    | Gained mutation: You have a somewhat thin skeletal structure. (Dex +2, Stealth) [Jiyva's grace]
 26736 | Orc:1    | Noticed an orc warlord
 26747 | Orc:1    | Slimified an orc warlord
 26747 | Orc:1    | Noticed an azure jelly
 26747 | Orc:1    | an orc warlord changed into an azure jelly
 26759 | Orc:1    | Lost mutation: You are covered in slimy tendrils that may disarm your opponents. [Jiyva's grace]
 26785 | Orc:1    | Gained mutation: You can translocate small distances at will. [Jiyva's grace]
 26954 | D:13     | Noticed Snorg
 26958 | D:13     | Killed Snorg
 26958 | D:13     | Reached skill level 5 in Fighting
 27061 | D:13     | Reached skill level 10 in Dodging
 27293 | D:13     | Found a gate to the Vaults.
 27320 | D:13     | Gained mutation: Your pliable body absorbs attacks. (AC +2, EV +2) [Jiyva's grace]
 27912 | D:14     | Reached skill level 1 in Evocations
 27936 | D:14     | Reached XP level 15. HP: 74/74 MP: 31/31
 28003 | D:14     | Identified Sif Muna's Collected Works on the Escort and Stolen Souls
 28020 | D:14     | Learned a level 4 spell: Control Undead
 28024 | D:14     | Learned a level 3 spell: Ozocubu's Armour
 28028 | D:14     | Learned a level 1 spell: Summon Butterflies
 28383 | D:15     | Entered Level 15 of the Dungeon
 28579 | D:15     | Lost mutation: Your pliable body absorbs attacks. (AC +2, EV +2) [Jiyva's grace]
 28643 | D:15     | Lost mutation: You can translocate small distances at will. [Jiyva's grace]
 28798 | D:15     | Found Keso's Jewellery Emporium.
 28887 | D:15     | Paralysed by an ogre mage for 6 turns
 28890 | D:15     | Killed from afar by an ogre mage

Skill      XL: |  1  2  3  4  5  6  7  8  9 10 11 12 13 14 15 |
---------------+----------------------------------------------+-----
Short Blades   | 3 4 5 6 7 8 9 10 | 10.9
Shields        | 3 4 5 6 7 8 |  8.4
Charms         | 3 5 7 |  7.6
Spellcasting   | 3 6 8 9 11 | 11.4
Stealth        | 4 8 11 13 15 18 19 | 19.2
Necromancy     | 1 3 4 5 6 8 |  8.7
Long Blades    | 4 6 7 |  7.3
Dodging        | 7 11 | 11.0
Fighting       | 6 7 |  7.7
Evocations     | 1 4 |  4.4

Action                   |  1- 3 |  4- 6 |  7- 9 | 10-12 | 13-15 || total
-------------------------+-------+-------+-------+-------+-------++-------
Melee: Rapier            |    92 |       |   204 |   792 |  1258 ||  2346
       Short sword       |    94 |    65 |       |       |       ||   159
       Dagger            |       |    58 |   105 |       |       ||   163
       Kick              |       |       |       |       |    47 ||    47
 Cast: Regeneration      |       |       |       |       |     1 ||     1
Invok: Slimify           |       |       |       |       |    16 ||    16
Evoke: Sack of spiders   |       |       |       |       |     3 ||     3
       Wand              |       |       |       |       |     2 ||     2
       Fan of gales      |       |       |       |       |     1 ||     1
       Rod               |       |       |       |       |     3 ||     3
  Use: Scroll            |     6 |     2 |     5 |    14 |    12 ||    39
       Potion            |       |     6 |       |    16 |     5 ||    27
 Stab: Distracted        |       |       |     1 |     6 |    19 ||    26
       Sleeping          |       |       |     4 |    36 |    38 ||    78
       Fleeing           |       |       |       |       |     1 ||     1
  Eat: Pizza             |       |     1 |       |       |       ||     1
       Royal jelly       |       |       |     1 |       |       ||     1
       Bread ration      |       |       |     1 |     1 |       ||     2
       Fruit             |       |       |       |       |     1 ||     1
Armor: Robe              |    18 |     4 |     5 |    27 |    31 ||    85
Dodge: Dodged            |   123 |    38 |   133 |   285 |   314 ||   893
Block: Buckler           |    57 |    31 |    89 |   291 |   532 ||  1000
       Reflection        |       |       |       |     8 |    13 ||    21
